 Dungeon Crawl Stone Soup version 0.24-a0-458-gfcb5e6da0e (webtiles) character file.

Game seed: 9922728026523904457

44 Mithandil the Conjurer (level 3, -3/19 HPs)
             Began as a Deep Elf Conjurer on June 27, 2019.
             Slain by a kobold
             ... wielding a +0 hand axe
              (6 damage)
             ... on level 2 of the Dungeon.
             The game lasted 00:19:29 (1135 turns).

Mithandil the Conjurer (Deep Elf Conjurer)          Turns: 1135, Time: 00:19:30

Health: -3/19      AC:  3    Str:  5    XL:     3   Next: 41%
Magic:  2/9        EV: 13    Int: 20    God:
Gold:   12         SH:  0    Dex: 15    Spells: 5/8 levels left

rFire    . . .     SeeInvis .   a - +0 dagger (vamp)
rCold    . . .     Gourm    .   (no shield)
rNeg     . . .     Faith    .   b - +0 robe
rPois    .         Spirit   .   (no helmet)
rElec    .         Reflect  .   (no cloak)
rCorr    .         Harm     .   e - +0 pair of gloves
MR       .....                  (no boots)
Stlth    ++........             (no amulet)
HPRegen  0.06/turn              (no ring)
MPRegen  0.11/turn              (no ring)

@: lethally poisoned (-3 -> -7)
A: no striking features
a: no special abilities


You were on level 2 of the Dungeon.
You were hungry.

You visited 1 branch of the dungeon, and saw 3 of its levels.

You collected 12 gold pieces.

Inventory:

Hand Weapons
 a - a +0 vampiric dagger (weapon)
 g - a +1 dagger
Missiles
 f - 24 stones (quivered)
 h - 15 sling bullets
Armour
 b - a +0 robe (worn)
 e - a +0 pair of gloves (worn)
Comestibles
 c - 3 rations
 d - 7 chunks of flesh


   Skills:
 + Level 0.3 Short Blades
 + Level 2.8 Dodging
 + Level 2.6 Stealth
 + Level 3.3 Spellcasting
 + Level 5.3 Conjurations


You had 5 spell levels left.
You knew the following spells:

 Your Spells              Type           Power        Failure   Level  Hunger
a - Magic Dart            Conj           ###.         1%          1    None
b - Searing Ray           Conj           ###...       2%          2    ##.....

Your spell library contained the following spells:

 Spells                   Type           Power        Failure   Level  Hunger
 Dazzling Spray           Conj/Hex       ##....       14%         3    ###....
 Iskenderun's Mystic Bla  Conj           ###.....     16%         4    ####...
 Force Lance              Conj/Tloc      ##......     41%         4    ####...
 Fulminant Prism          Conj/Hex       ##........   41%         4    ####...


Dungeon Overview and Level Annotations

Branches:
Dungeon (3/15)

Altars:
Xom


Message History

You closely miss the kobold. The adder closely misses you.
The kobold misses you.
You feel sick. The adder completely misses you.
You hit the adder but do no damage.
The adder is heavily wounded.
The adder bites you.
* * * LOW HITPOINT WARNING * * *
* * * LOW HITPOINT WARNING * * *
You feel sick. The adder bites you.
* * * LOW HITPOINT WARNING * * *
You hit the adder.
You feel better.
The adder is severely wounded.
The adder closely misses you.
You completely miss the adder.
The adder is severely wounded.
The adder misses you.
You barely miss the kobold. The adder bites you.
* * * LOW HITPOINT WARNING * * *
The kobold hits you with a +0 hand axe.
You die...

**,,,*,*,,,###.....*
,*,,*.,,*,,#..#)..#*
,***,..,,###...#..#
*,,*,,..,#..#.....#
,,,*,.,..#...#....#
,,*,*...#.#.......#
,*,,,#.#...#...w..#
,,,,,......)r..SK.#
*,*,,.......####@.#
,,,,,######.* #..#
*,*,,* #.* #..###
#.#,,* #.# #....#
...,,* #.# #.##.#
#.#,** #.# #.##># #.#,*
#.# #.##.# ...,*
#####.####.##.###
#.#####...............#


You could see an adder, a dart slug, a kobold and a rat.

Vanquished Creatures
  An adder (D:2)
  A worm (D:2)
  2 dart slugs (D:1)
  A giant cockroach (D:2)
  3 hobgoblins
  2 ball pythons (D:1)
  5 bats (D:1)
  2 frilled lizards (D:1)
  5 goblins
  4 kobolds
  4 rats
30 creatures vanquished.

Notes
Turn   | Place    | Note
-------+----------+-------------------------------------------
     0 | D:1      | Mithandil the Deep Elf Conjurer began the quest for the
                  | Orb.
     0 | D:1      | Reached XP level 1. HP: 10/10 MP: 6/6
   274 | D:1      | Reached XP level 2. HP: 15/15 MP: 1/8
   278 | D:1      | Learned a level 2 spell: Searing Ray
   362 | D:1      | Reached skill level 5 in Conjurations
   929 | D:2      | Reached XP level 3. HP: 19/19 MP: 5/9
  1000 | D:2      | Found a shattered altar of Ashenzari.
  1003 | D:2      | Found an iron altar of Okawaru.
  1003 | D:2      | Found a shimmering altar of Xom.
  1005 | D:2      | Found an ornate altar of the Wu Jian Council.
  1005 | D:2      | Found a shattered altar of Ashenzari.
  1005 | D:2      | Found an opulent altar of Gozag.
  1135 | D:2      | Slain by a kobold

Levels and vault maps discovered:
D:1:      dpeg_arrival_long_road, layout_basic, roderic_serpentine_path
D:2:      layout_loops_ring, cheibriados_altar_1, minmay_splitting_lines,
          doesnt_xom_only_xom
D:3:      layout_basic, grunt_ministairs_15, interstate_on_off

Skill      XL: |  1  2 |
---------------+-------+-----
Conjurations   | 5 |  5.3
Short Blades   | |  0.3
Dodging        | |  2.8
Stealth        | |  2.6
Spellcasting   | |  3.3

Action                   || total
-------------------------++-------
Melee: Dagger            ||    20
Throw: Stone             ||     2
 Cast: Magic Dart        ||    48
       Searing Ray       ||     9
  Use: Scroll            ||     5
Armor: Robe              ||     3
Dodge: Dodged            ||    22

Table legend:
 A = Non-vault XP
 B = Vault XP
 C = Vault XP percentage of total XP
 D = Non-vault monster count
 E = Vault monster count
 F = Vault count percentage of total count
                 A         B        C        D         E       F
            +---------+---------+-------+---------+---------+-------
      Total |      64 |       0 |   0.0 |      30 |       0 |   0.0
            +---------+---------+-------+---------+---------+-------
        D:1 |      31 |       0 |   0.0 |      20 |       0 |   0.0
        D:2 |      33 |       0 |   0.0 |      10 |       0 |   0.0
            +---------+---------+-------+---------+---------+-------
